[ AOE2 MATCH · #470853062 ]
UnrankedWei vs Magyars
Player's team · LOSS
Rival team · WIN
[ REPLAY ANALYSIS · EXTRACTED FROM THE RECORDED GAME ]
Feudal
11:56
Castle
22:57
Imperial
40:58
| APM avg | 63.3 |
| APM peak | 114 |
| eAPM avg | 25.9 |
| Villagers / military | 150 / 153 |
Focus
⚔️ 35.8% · 🌾 64.2%
Unknown (1949) ×130 · Spearman ×101 · Skirmisher ×33 · Monk ×13 · Scout Cavalry ×4 · Unknown (1954) ×2
Feudal
9:29
Castle
22:26
Imperial
39:19
| APM avg | 36.0 |
| APM peak | 82 |
| eAPM avg | 19.9 |
| Villagers / military | 149 / 356 |
Focus
⚔️ 49.8% · 🌾 50.2%
Magyar Huszar ×213 · Cavalry Archer ×110 · Scout Cavalry ×15 · Trebuchet (Packed) ×9 · Knight ×6 · Monk ×2
Match map
Initial resources + every placement click. Lines = walls · curves = elevation contours. ◆ gold · ⬟ stone · ● berries · ✦ relic · ◌ wall gap
Your base
Kerko's base
Smoothed initial terrain · ◌ = detected wall gap · hover for details
Inputs per minute
— TILTOZAURUS - - Kerko
Build order — TILTOZAURUS
First 150 of 664 actions detected
| 0:00 | Create | Villager (Male) |
| 0:00 | Create | Villager (Male) |
| 0:00 | Create | Villager (Male) |
| 0:04 | Build | House |
| 0:06 | Build | House |
| 0:56 | Create | Villager (Male) |
| 1:26 | Create | Villager (Male) |
| 1:54 | Create | Villager (Male) |
| 2:03 | Build | Lumber Camp |
| 2:22 | Create | Villager (Male) |
| 2:34 | Research | Loom |
| 2:55 | Create | Villager (Male) |
| 2:55 | Create | Villager (Male) |
| 3:02 | Build | House |
| 3:33 | Create | Villager (Male) |
| 4:30 | Create | Villager (Male) |
| 4:51 | Build | House |
| 4:57 | Create | Villager (Male) |
| 4:58 | Create | Villager (Male) |
| 5:15 | Build | Palisade Wall |
| 5:58 | Create | Villager (Male) |
| 5:59 | Create | Villager (Male) |
| 6:04 | Build | Mill |
| 6:14 | Build | House |
| 6:55 | Build | Building 796 |
| 6:57 | Build | House |
| 6:59 | Create | Villager (Male) |
| 7:17 | Build | Palisade Wall |
| 7:30 | Build | Farm |
| 7:35 | Create | Villager (Male) |
| 7:45 | Build | Palisade Wall |
| 7:52 | Build | House |
| 7:55 | Create | Villager (Male) |
| 8:03 | Build | Palisade Wall |
| 8:05 | Create | Villager (Male) |
| 8:40 | Build | Palisade Wall |
| 8:49 | Build | House |
| 8:58 | Build | House |
| 9:05 | Create | Villager (Male) |
| 9:36 | Build | Farm |
| 9:38 | Build | House |
| 9:46 | Research | Feudal Age |
| 9:56 | Build | Palisade Wall |
| 10:04 | Build | Mining Camp |
| 10:08 | Build | Farm |
| 10:13 | Build | Palisade Wall |
| 10:15 | Build | Palisade Wall |
| 11:05 | Build | Farm |
| 11:18 | Build | Lumber Camp |
| 11:21 | Build | Palisade Wall |
| 11:28 | Build | House |
| 11:37 | Create | Villager (Male) |
| 11:38 | Create | Villager (Male) |
| 11:47 | Build | Palisade Wall |
| 11:49 | Build | Palisade Wall |
| 11:56 | Age | Feudal Age |
| 11:58 | Build | Palisade Wall |
| 12:15 | Build | Mining Camp |
| 12:26 | Build | Palisade Wall |
| 12:47 | Build | Farm |
| 12:50 | Create | Villager (Male) |
| 13:15 | Create | Villager (Male) |
| 13:18 | Research | Double-Bit Axe |
| 13:36 | Build | Building 490 |
| 13:43 | Research | Wheelbarrow |
| 13:48 | Build | Farm |
| 14:25 | Build | Stone Wall |
| 14:42 | Build | Stone Wall |
| 14:49 | Create | Villager (Male) |
| 15:07 | Build | Farm |
| 15:20 | Build | Stone Wall |
| 15:25 | Create | Villager (Male) |
| 15:25 | Create | Villager (Male) |
| 15:30 | Build | Farm |
| 15:33 | Build | Farm |
| 15:46 | Build | Stone Wall |
| 16:10 | Build | Stone Wall |
| 16:24 | Build | Barracks |
| 16:29 | Create | Villager (Male) |
| 16:29 | Create | Villager (Male) |
| 16:39 | Build | Stone Wall |
| 16:46 | Create | Spearman |
| 16:47 | Create | Spearman |
| 16:50 | Build | Farm |
| 16:53 | Research | Horse Collar |
| 16:54 | Create | Villager (Male) |
| 16:56 | Build | Farm |
| 17:06 | Build | Stone Wall |
| 17:09 | Research | Stone Mining |
| 17:17 | Build | Stone Wall |
| 17:22 | Build | Farm |
| 17:30 | Build | Farm |
| 17:34 | Create | Spearman |
| 17:36 | Build | Farm |
| 17:52 | Build | Blacksmith |
| 17:58 | Create | Villager (Male) |
| 17:59 | Create | Villager (Male) |
| 18:09 | Create | Spearman |
| 18:21 | Build | Farm |
| 18:37 | Research | Scale Mail Armor |
| 18:47 | Create | Spearman |
| 19:03 | Build | Stone Wall |
| 19:09 | Create | Villager (Male) |
| 19:10 | Create | Villager (Male) |
| 19:19 | Build | Market |
| 19:30 | Build | Stone Wall |
| 19:44 | Build | House |
| 20:17 | Research | Castle Age |
| 20:29 | Create | Villager (Male) |
| 20:43 | Research | Gold Mining |
| 21:04 | Build | House |
| 21:06 | Build | House |
| 21:16 | Build | Stone Wall |
| 21:53 | Build | Stone Wall |
| 22:57 | Age | Castle Age |
| 23:23 | Build | Stone Wall |
| 23:30 | Build | Stone Wall |
| 23:46 | Build | Castle |
| 23:49 | Research | Hand Cart |
| 23:52 | Research | Forging |
| 23:53 | Research | Scale Barding Armor |
| 24:00 | Create | Villager (Male) |
| 24:09 | Research | Bow Saw |
| 24:11 | Build | House |
| 24:12 | Build | House |
| 24:14 | Build | House |
| 24:33 | Research | Fletching |
| 25:10 | Create | Unit 1949 |
| 25:18 | Build | Mining Camp |
| 25:19 | Research | Tech 1061 |
| 25:20 | Create | Unit 1949 |
| 25:27 | Create | Villager (Male) |
| 25:28 | Create | Villager (Male) |
| 25:31 | Build | Farm |
| 25:31 | Create | Villager (Male) |
| 25:31 | Create | Villager (Male) |
| 25:50 | Build | Monastery |
| 25:51 | Create | Villager (Male) |
| 25:51 | Create | Villager (Male) |
| 25:55 | Build | Farm |
| 26:03 | Create | Villager (Male) |
| 26:03 | Create | Villager (Male) |
| 26:25 | Create | Monk |
| 26:26 | Create | Villager (Male) |
| 26:26 | Create | Villager (Male) |
| 26:27 | Create | Villager (Male) |
| 26:41 | Build | Stone Wall |
| 26:46 | Build | Stone Wall |
| 26:56 | Build | Stone Wall |
| 27:03 | Build | Stone Wall |
Build order — Kerko
First 150 of 745 actions detected
| 0:00 | Create | Villager (Male) |
| 0:01 | Create | Villager (Male) |
| 0:01 | Create | Villager (Male) |
| 0:02 | Build | House |
| 0:04 | Build | House |
| 0:22 | Create | Villager (Male) |
| 1:34 | Create | Villager (Male) |
| 2:09 | Build | Lumber Camp |
| 2:12 | Create | Villager (Male) |
| 2:13 | Create | Villager (Male) |
| 2:25 | Create | Villager (Male) |
| 3:01 | Create | Villager (Male) |
| 3:01 | Create | Villager (Male) |
| 3:43 | Create | Villager (Male) |
| 3:43 | Create | Villager (Male) |
| 3:58 | Build | House |
| 4:16 | Create | Villager (Male) |
| 4:16 | Create | Villager (Male) |
| 4:17 | Create | Villager (Male) |
| 4:57 | Create | Villager (Male) |
| 5:25 | Build | Mill |
| 5:33 | Create | Villager (Male) |
| 6:02 | Research | Loom |
| 6:05 | Create | Villager (Male) |
| 6:06 | Research | Loom |
| 6:56 | Build | House |
| 7:01 | Build | Palisade Wall |
| 7:16 | Create | Villager (Male) |
| 7:19 | Research | Feudal Age |
| 7:55 | Create | Villager (Male) |
| 8:07 | Build | Barracks |
| 8:35 | Build | House |
| 9:00 | Create | Villager (Male) |
| 9:29 | Age | Feudal Age |
| 9:33 | Build | Stable |
| 9:50 | Create | Villager (Male) |
| 9:51 | Create | Villager (Male) |
| 9:56 | Build | Farm |
| 10:04 | Build | House |
| 10:20 | Research | Double-Bit Axe |
| 10:44 | Build | House |
| 10:46 | Build | Palisade Wall |
| 10:57 | Create | Scout Cavalry |
| 10:57 | Create | Scout Cavalry |
| 11:08 | Build | Palisade Wall |
| 11:10 | Build | Palisade Wall |
| 11:13 | Create | Villager (Male) |
| 11:13 | Create | Villager (Male) |
| 11:14 | Create | Villager (Male) |
| 11:23 | Build | Farm |
| 11:26 | Build | Farm |
| 11:41 | Create | Villager (Male) |
| 11:44 | Build | Farm |
| 11:47 | Build | Mining Camp |
| 11:51 | Build | Palisade Wall |
| 11:58 | Create | Scout Cavalry |
| 12:00 | Create | Scout Cavalry |
| 12:02 | Create | Villager (Male) |
| 12:18 | Create | Villager (Male) |
| 12:26 | Build | Farm |
| 12:34 | Create | Villager (Male) |
| 12:42 | Build | House |
| 12:47 | Build | Palisade Wall |
| 12:59 | Create | Scout Cavalry |
| 13:17 | Build | House |
| 13:24 | Build | Palisade Wall |
| 13:37 | Create | Scout Cavalry |
| 13:48 | Create | Villager (Male) |
| 13:48 | Create | Villager (Male) |
| 13:54 | Build | Farm |
| 13:56 | Build | Farm |
| 14:00 | Build | Farm |
| 14:05 | Build | House |
| 14:09 | Build | Palisade Wall |
| 14:10 | Build | Palisade Wall |
| 14:19 | Build | Farm |
| 14:21 | Build | Farm |
| 14:23 | Build | Farm |
| 14:25 | Create | Villager (Male) |
| 14:28 | Create | Scout Cavalry |
| 14:39 | Create | Villager (Male) |
| 14:43 | Build | Farm |
| 15:07 | Build | Farm |
| 15:13 | Build | Lumber Camp |
| 15:17 | Build | House |
| 15:19 | Build | Palisade Wall |
| 15:28 | Create | Villager (Male) |
| 15:44 | Build | Farm |
| 15:46 | Build | Farm |
| 15:47 | Research | Horse Collar |
| 15:56 | Create | Villager (Male) |
| 16:07 | Research | Gold Mining |
| 16:09 | Create | Villager (Male) |
| 16:33 | Create | Villager (Male) |
| 16:43 | Build | Farm |
| 16:47 | Build | Farm |
| 16:50 | Create | Scout Cavalry |
| 17:07 | Build | Farm |
| 17:11 | Build | Farm |
| 17:13 | Build | Farm |
| 17:16 | Build | Farm |
| 17:17 | Create | Villager (Male) |
| 17:17 | Create | Villager (Male) |
| 17:36 | Build | Farm |
| 17:39 | Research | Wheelbarrow |
| 17:41 | Research | Wheelbarrow |
| 17:57 | Build | Mining Camp |
| 18:23 | Build | Palisade Gate |
| 18:47 | Build | Blacksmith |
| 18:50 | Create | Villager (Male) |
| 19:46 | Research | Castle Age |
| 19:50 | Build | Farm |
| 19:51 | Build | Farm |
| 20:05 | Research | Fletching |
| 21:07 | Create | Villager (Male) |
| 21:08 | Create | Villager (Male) |
| 21:11 | Build | House |
| 21:14 | Build | House |
| 22:26 | Age | Castle Age |
| 22:28 | Build | Town Center |
| 22:46 | Research | Hand Cart |
| 22:47 | Research | Bow Saw |
| 22:51 | Research | Light Cavalry (upgrade) |
| 23:29 | Create | Villager (Male) |
| 23:29 | Create | Villager (Male) |
| 23:31 | Create | Villager (Male) |
| 23:34 | Research | Heavy Plow |
| 23:47 | Research | Bloodlines |
| 23:58 | Build | Farm |
| 24:08 | Create | Villager (Male) |
| 24:08 | Create | Villager (Male) |
| 24:19 | Create | Villager (Male) |
| 24:19 | Create | Villager (Male) |
| 24:38 | Create | Villager (Male) |
| 24:39 | Create | Villager (Male) |
| 24:39 | Create | Villager (Male) |
| 24:39 | Create | Villager (Male) |
| 25:03 | Build | Monastery |
| 25:24 | Create | Villager (Male) |
| 25:24 | Create | Villager (Male) |
| 25:24 | Create | Villager (Male) |
| 25:55 | Create | Monk |
| 26:19 | Create | Villager (Male) |
| 26:19 | Create | Villager (Male) |
| 26:19 | Create | Villager (Male) |
| 26:19 | Create | Villager (Male) |
| 26:34 | Research | Husbandry |
| 26:59 | Create | Villager (Male) |
| 26:59 | Create | Villager (Male) |
| 27:15 | Build | Town Center |
Match timeline
| 5:15 | TILTOZAURUS · wall_segment Palisade Wall x6 |
| 7:01 | Kerko · wall_segment Palisade Wall x11 |
| 7:17 | TILTOZAURUS · wall_segment Palisade Wall x8 |
| 7:45 | TILTOZAURUS · wall_segment Palisade Wall x7 |
| 8:03 | TILTOZAURUS · wall_segment Palisade Wall x6 |
| 8:07 | Kerko · first_building Barracks |
| 8:40 | TILTOZAURUS · wall_segment Palisade Wall x4 |
| 9:29 | Kerko · age_up feudal |
| 9:33 | Kerko · first_building Stable |
| 9:56 | TILTOZAURUS · wall_segment Palisade Wall x4 |
| 10:13 | TILTOZAURUS · wall_segment Palisade Wall x2 |
| 10:15 | TILTOZAURUS · wall_segment Palisade Wall x1 |
| 10:46 | Kerko · wall_segment Palisade Wall x8 |
| 11:08 | Kerko · wall_segment Palisade Wall x7 |
| 11:10 | Kerko · wall_segment Palisade Wall x1 |
| 11:21 | TILTOZAURUS · wall_segment Palisade Wall x1 |
| 11:47 | TILTOZAURUS · wall_segment Palisade Wall x1 |
| 11:49 | TILTOZAURUS · wall_segment Palisade Wall x1 |
| 11:51 | Kerko · wall_segment Palisade Wall x5 |
| 11:56 | TILTOZAURUS · age_up feudal |
| 11:58 | TILTOZAURUS · wall_segment Palisade Wall x1 |
| 12:26 | TILTOZAURUS · wall_segment Palisade Wall x1 |
| 12:47 | Kerko · wall_segment Palisade Wall x5 |
| 13:24 | Kerko · wall_segment Palisade Wall x1 |
| 14:09 | Kerko · wall_segment Palisade Wall x1 |
| 14:10 | Kerko · wall_segment Palisade Wall x1 |
| 14:25 | TILTOZAURUS · wall_segment Stone Wall x3 |
| 14:42 | TILTOZAURUS · wall_segment Stone Wall x4 |
| 15:19 | Kerko · wall_segment Palisade Wall x1 |
| 15:20 | TILTOZAURUS · wall_segment Stone Wall x4 |
| 15:46 | TILTOZAURUS · wall_segment Stone Wall x3 |
| 16:10 | TILTOZAURUS · wall_segment Stone Wall x1 |
| 16:24 | TILTOZAURUS · first_building Barracks |
| 16:39 | TILTOZAURUS · wall_segment Stone Wall x5 |
| 17:06 | TILTOZAURUS · wall_segment Stone Wall x2 |
| 17:17 | TILTOZAURUS · wall_segment Stone Wall x3 |
| 19:03 | TILTOZAURUS · wall_segment Stone Wall x5 |
| 19:30 | TILTOZAURUS · wall_segment Stone Wall x1 |
| 21:16 | TILTOZAURUS · wall_segment Stone Wall x1 |
| 21:53 | TILTOZAURUS · wall_segment Stone Wall x1 |
| 22:26 | Kerko · age_up castle |
| 22:57 | TILTOZAURUS · age_up castle |
| 23:08 | TILTOZAURUS · first_market_sell 100 wood |
| 23:23 | TILTOZAURUS · wall_segment Stone Wall x3 |
| 23:30 | TILTOZAURUS · wall_segment Stone Wall x2 |
| 23:39 | TILTOZAURUS · first_market_buy 100 stone |
| 23:46 | TILTOZAURUS · first_building Castle |
| 25:03 | Kerko · first_building Monastery |
| 25:50 | TILTOZAURUS · first_building Monastery |
| 26:41 | TILTOZAURUS · wall_segment Stone Wall x5 |
| 26:46 | TILTOZAURUS · wall_segment Stone Wall x1 |
| 26:56 | TILTOZAURUS · wall_segment Stone Wall x1 |
| 27:03 | TILTOZAURUS · wall_segment Stone Wall x1 |
| 29:53 | Kerko · first_building Castle |
| 30:26 | Kerko · first_building Archery Range |
| 34:37 | TILTOZAURUS · first_building Siege Workshop |
| 39:19 | Kerko · age_up imperial |
| 40:58 | TILTOZAURUS · age_up imperial |
| 42:30 | TILTOZAURUS · wall_segment Stone Wall x4 |
| 46:35 | Kerko · first_market_sell 500 food |
| 46:37 | Kerko · first_market_buy 100 wood |
| 53:34 | TILTOZAURUS · wall_segment Stone Wall x2 |
| 55:04 | TILTOZAURUS · first_building Archery Range |
| 56:49 | TILTOZAURUS · wall_segment Stone Wall x11 |
| 58:54 | TILTOZAURUS · first_building Stable |
| 61:30 | TILTOZAURUS · resign |
[ AI ANALYSIS · 1 CREDIT ]
What really happened in this match?
Wolo.gg analyzes every decision: build order, eco, micro, common mistakes by bracket. Personalized analysis on WhatsApp or Discord in 30 seconds.
Civ guide
Wei
Perfil
TILTOZAURUS